[Event "USA Championship Women 2022"]
[Site "Saint Louis"]
[Date "2022.10.19"]
[Round "13.1"]
[White "Krush, Irina"]
[Black "Zatonskih, Anna"]
[Result "1/2-1/2"]
[ECO "D35"]
[WhiteElo "2432"]
[BlackElo "2368"]
[Annotator "TA"]
[PlyCount "173"]
[EventDate "2022.09.05"]
[EventType "tourn"]
[EventCountry "USA"]
[SourceTitle "playchess.com"]
[Source "ChessBase"]
[SourceQuality "1"]
[TimeControl "40/5400+30:1800+30"]

1. d4 d5 2. c4 e6 3. Nc3 Nf6 4. cxd5 exd5 5. Bg5 c6 6. e3 Be7 7. Bd3 Nbd7 8. Nf3 Nf8 $1 9. Ne5 {[%emt 0:03:28] D35: Queen's Gambit Declined: Exchange Variation.} N6d7 10. Bxe7 Qxe7 11. Nf3 {[%emt 0:00:29] White has an edge.} Ne6 12. Qc2 Nf4 13. Bf1 Nb6 14. O-O-O {[%emt 0:05:24] [#]} Ng6 $146 ({Predecessor:} 14... Ne6 15. Kb1 Ng5 16. h4 Nxf3 17. gxf3 Be6 18. Bd3 O-O-O 19. Rdg1 g6 20. h5 Kb8 21. f4 Qf6 22. hxg6 hxg6 {½-½ (26) Sjugirov,S (2663)-Andreikin,D (2728) Chess.com INT 2021}) 15. h3 Be6 16. Kb1 Nh4 17. Nxh4 Qxh4 18. Bd3 Qe7 19. Ka1 g6 20. Rc1 Qb4 21. h4 O-O-O 22. Nb1 Kb8 23. Nd2 Rc8 24. Nb3 Nd7 25. Qe2 Qe7 26. Qd2 c5 27. dxc5 Nxc5 28. Nd4 Bd7 29. Bb1 Ne6 30. Nf3 Qd6 31. Rcd1 Bc6 32. Nd4 Ba4 33. Rc1 Bd7 34. a3 Rhd8 35. Ba2 Rxc1+ 36. Rxc1 Nxd4 37. Qxd4 Be6 38. g3 {[%emt 0:02:54] White is more active.} Qb6 39. Qf6 (39. Qxb6 $16 axb6 40. Bb3) 39... a6 $11 40. Rd1 Ka7 41. Qe5 Qc5 42. Bb3 Rd7 43. Ka2 Kb6 44. Rd4 Qc7 (44... h5 $11 {keeps the balance.}) 45. Rb4+ (45. Qg7 $16) 45... Ka7 $14 46. Qd4+ b6 47. Qd2 h5 48. Rd4 Qc6 49. Ba4 b5 50. Bb3 Kb6 51. a4 Kc7 52. a5 Kd8 53. Rd3 Qd6 54. Qc3 Ke7 55. Rd1 Rc7 (55... b4 $5 56. Qd4 Rb7 $11) 56. Qd4 Qc5 57. Qxc5+ (57. Bxd5 $14 {deserves consideration.} Bxd5+ 58. Qxd5) 57... Rxc5 {[%emt 0:00:01][%mdl 4096] Endgame KRB-KRB} 58. Ka3 b4+ 59. Ka4 Kd6 {[%emt 0:00:18] [#]} (59... f5 $14 {feels stronger.}) 60. Rd4 ({Much worse is} 60. Kxb4 $6 Rb5+ 61. Kc3 Rc5+ 62. Kd2 Rb5 $11) ({White should play} 60. e4 $1 $16) 60... Bd7+ $11 {[%emt 0:00:15] The position is equal.} 61. Kxb4 {[%emt 0:00:10] Threatens to win with e4.} Rb5+ 62. Kc3 Rxa5 63. e4 Rc5+ 64. Kd2 Bc6 65. exd5 Bxd5 66. Bxd5 Rxd5 {[%emt 0:00:01] KR-KR} 67. Kc3 Ke5 68. Rf4 f6 69. b4 g5 70. hxg5 fxg5 71. Rf8 Ke4 72. Kc4 {[%emt 0:00:50] [#] f3+ is the strong threat.} Rf5 {[%emt 0:00:19] Inhibits f3+.} 73. Ra8 Kf3 {[%emt 0:00:17] Strongly threatening ...Rf6.} 74. Rxa6 {[%emt 0:00:19] Black must now prevent Ra5.} Kxf2 75. Ra3 g4 76. Ra5 Rf8 77. Rxh5 Kxg3 78. Rg5 Kf3 79. b5 g3 80. b6 g2 81. Kd5 ({Don't go for} 81. b7 $2 Rb8 82. Rf5+ Kg4 $19) 81... Kf2 82. Kc6 g1=Q 83. Rxg1 Kxg1 84. b7 Kf2 85. Kc7 Ke3 86. b8=Q Rxb8 87. Kxb8 {[%emt 0:00:07] Weighted Error Value: White=0.12 (very precise) /Black=0.11 (very precise)} 1/2-1/2

[Event "USA Championship Women 2022"]
[Site "Saint Louis"]
[Date "2022.10.19"]
[Round "13.2"]
[White "Cervantes Landeiro, Thalia"]
[Black "Yu, Jennifer"]
[Result "0-1"]
[ECO "E17"]
[WhiteElo "2272"]
[BlackElo "2297"]
[Annotator "TA"]
[PlyCount "114"]
[EventDate "2022.09.05"]
[EventType "tourn"]
[EventCountry "USA"]
[SourceTitle "playchess.com"]
[Source "ChessBase"]
[SourceQuality "1"]
[TimeControl "40/5400+30:1800+30"]

1. d4 Nf6 2. c4 e6 3. Nf3 b6 4. g3 Bb7 5. Bg2 Be7 6. O-O O-O 7. Re1 a5 {[%emt 0:00:29] E17: Queen's Indian: 4 g3 Bb7 5 Bg2 Be7.} 8. Bg5 Ne4 9. Bxe7 Qxe7 {[%emt 0:00:19] White is slightly better.} 10. Nfd2 f5 11. Nxe4 fxe4 12. Nc3 d5 {[%emt 0:01:31] [#]} 13. cxd5 $146 ({Predecessor:} 13. Qb3 a4 14. Nxa4 Qf6 15. e3 Qxf2+ 16. Kh1 dxc4 17. Qxc4 Bd5 18. Qxc7 {1-0 (28) Loiseau,Q (2443)-Nielsen,R (2339) Zadar 2018}) 13... exd5 14. Qb3 Qb4 15. Red1 Na6 (15... Qxb3 $15 16. axb3 Na6) 16. Rac1 (16. Qc2 $11) 16... Qxb3 $15 17. axb3 Rad8 18. Nb5 c6 19. Nc3 Nb4 20. Na4 Ba6 21. Bf1 Rb8 22. Kg2 g5 23. e3 (23. f3 $142) 23... Bd3 (23... Bxf1+ $17 24. Rxf1 Rf3) 24. Rd2 (24. Bxd3 $11 {remains equal.} exd3 25. h3) 24... Rf6 $17 25. Kg1 Kf7 26. Bxd3 Nxd3 (26... exd3 27. Kg2 $17) 27. Rf1 Rf3 {[%emt 0:03:23] Black is much more active. The white rooks are badly placed.} ({Better is} 27... Ke7 28. f4 gxf4 29. gxf4 c5 30. dxc5 bxc5) 28. Rc2 {[%emt 0:01:05] [#]} (28. Kg2 $17 Rf6 29. Kg1) 28... Nb4 $1 $19 29. Rd2 Ke7 30. Rc1 Kd6 31. Rf1 Kc7 32. Nc3 Rbf8 33. Ne2 h5 34. Kg2 c5 ({Not} 34... Nd3 35. Rxd3 exd3 36. Nf4 R3xf4 37. gxf4 gxf4 38. Rd1 $17) 35. h4 {[%emt 0:02:36] [#]} (35. Ng1 {is a better defense.} R3f6 36. dxc5) 35... gxh4 $1 36. gxh4 Rg8+ 37. Ng3 Rg4 38. Rh1 Kd6 39. dxc5+ bxc5 40. Ra1 Nc6 41. Rc1 d4 $2 (41... Ne7 $19 {has better winning chances. Strongly threatening ...Nf5.} 42. Rcd1 Kc6) 42. exd4 $2 {[%emt 0:06:34] Now White is beyond hope.} (42. Rc3 $17 {was the only chance.}) 42... cxd4 43. Rc4 d3 {[%emt 0:04:49] Prevents Rdc2. Hoping for ...Ne5.} ({Weaker is} 43... Rxb3 44. Rdc2 Rb6 45. Rc1 $17) 44. Ra4 $2 (44. Rxe4 Rfxg3+ 45. fxg3 Rxe4 46. Rxd3+ Nd4 47. Kh3) 44... Ne5 45. Rxa5 Ng6 46. Ra6+ Kc7 {[%emt 0:00:05] Threatens to win with ...Nf4+.} 47. Ra4 Nxh4+ 48. Kh3 Nf5 49. Rc4+ Kd6 50. Kh2 Nxg3 51. fxg3 {[%emt 0:00:03][%mdl 4096] Endgame KRR-KRR} Kd5 52. Ra4 Rgxg3 {[%emt 0:00:15] Black mates.} 53. Ra5+ Kd4 54. Rxh5 Ke3 55. Rd1 Ke2 56. Ra1 d2 57. Rh4 e3 {[%emt 0:00:18] Weighted Error Value: White=0.80/Black=0.27 (precise)} 0-1

[Event "USA Championship Women 2022"]
[Site "Saint Louis"]
[Date "2022.10.19"]
[Round "13.3"]
[White "Morris-Suzuki, Sophie"]
[Black "Eswaran, Ashritha"]
[Result "1-0"]
[ECO "E20"]
[WhiteElo "2126"]
[BlackElo "2365"]
[Annotator "TA"]
[PlyCount "97"]
[EventDate "2022.09.05"]
[EventType "tourn"]
[EventCountry "USA"]
[SourceTitle "playchess.com"]
[Source "ChessBase"]
[SourceQuality "1"]
[TimeControl "40/5400+30:1800+30"]

1. d4 Nf6 2. c4 e6 3. Nc3 Bb4 4. f3 c5 5. d5 b5 6. e4 {[%emt 0:00:34] E20: Nimzo-Indian: 4 g3 and 4 f3.} d6 {[%emt 0:00:34] is cutting edge theory.} 7. Nge2 bxc4 {[%emt 0:00:30] ...exd5 is the strong threat.} 8. Nf4 {[%emt 0:00:18] The position is equal.} e5 9. Nfe2 Nbd7 10. a3 Ba5 11. Ng3 {[%emt 0:03:29] [#] Prevents Nh5.} O-O $146 (11... Nb6 $11) ({Predecessor:} 11... Nb6 12. Be2 Ng8 13. O-O Ne7 14. Nh5 O-O 15. Qe1 Ng6 16. Qg3 f5 17. Bg5 Qe8 {½-½ (43) Gareyev,T (2591)-Azarov,S (2586) Tegernsee 2019}) 12. Bxc4 $14 Bxc3+ 13. bxc3 Qa5 14. Bd2 Ba6 15. Qe2 Bxc4 16. Qxc4 Nb6 17. Qe2 Qa4 18. O-O Nc4 19. Bg5 Nd7 20. Be7 Rfe8 (20... Rfb8 $11 {remains equal.}) 21. Nf5 $16 g6 (21... Rab8 $142) 22. Nxd6 {[%emt 0:08:34] White is more active.} Nxd6 23. Bxd6 Qb3 (23... Rac8 $16 24. Rad1 Qb3) 24. Rab1 Qxc3 25. Qb5 Nb6 26. Qxc5 Qd3 (26... Qxc5+ {was called for.} 27. Bxc5 Rec8) 27. Rfd1 $18 Qe2 28. Re1 Qd3 29. Rbd1 Qb3 30. Bc7 Qa4 31. Rc1 Rac8 32. Qc6 Qxa3 33. d6 {[%emt 0:00:21] Inhibits Qe7.} Red8 34. Qb7 Rd7 35. Qc6 $2 (35. h3 $18) 35... Qa4 $2 (35... Rdd8 $1 $11 {and Black has nothing to worry.}) 36. Qxa4 Nxa4 {[%emt 0:00:06] [#]} 37. Rc6 {[%emt 0:01:25] Prevents Nb6.} Nb6 38. Ra1 Na8 39. Rxa7 Nxc7 40. Rcxc7 ({Less strong is} 40. dxc7 Kf8 41. g4 Ke7 $16) (40. Raxc7 Rdxc7 41. dxc7 Kf8 $16) 40... Rdxc7 41. dxc7 {[%emt 0:11:50][%mdl 4096] [#] Endgame Strongly threatening Kf2. KR-KR} ({Weaker is} 41. Rxc7 Rd8 $16) 41... Kf8 42. f4 $2 (42. Kf2 $18 Ke7 43. h4) 42... exf4 $14 43. Kf2 $1 {[%emt 0:00:02] Black must now prevent Kf3.} Ke7 $2 {[%emt 0:05:02][%mdl 8192] Black cannot hold the game after this.} (43... f6 $14) 44. Kf3 $18 Kd7 $2 (44... g5 {is more resistant.} 45. Kg4 f6) 45. Kxf4 {[%emt 0:00:43] White is clearly winning.} f6 46. g4 h6 47. h4 Rf8 48. c8=Q+ Kxc8 49. Ra8+ {[%emt 0:00:04] Weighted Error Value: White=0.28 (precise) /Black=0.48} 1-0

[Event "USA Championship Women 2022"]
[Site "Saint Louis"]
[Date "2022.10.19"]
[Round "13.4"]
[White "Wu, Rochelle"]
[Black "Foisor, Sabina-Francesca"]
[Result "1-0"]
[ECO "D45"]
[WhiteElo "2317"]
[BlackElo "2203"]
[Annotator "TA"]
[PlyCount "119"]
[EventDate "2022.09.05"]
[EventType "tourn"]
[EventCountry "USA"]
[SourceTitle "playchess.com"]
[Source "ChessBase"]
[SourceQuality "1"]
[TimeControl "40/5400+30:1800+30"]

1. d4 d5 2. c4 c6 3. Nf3 Nf6 4. Nc3 e6 5. e3 Nbd7 6. cxd5 exd5 7. Bd3 Bd6 8. O-O O-O 9. b3 Re8 10. Qc2 Qe7 {[%emt 0:07:55] D45: Semi-Slav: 5 e3.} 11. Bb2 Nf8 12. Rae1 Ne4 {[%emt 0:08:22] [#] The position is equal.} 13. Nd2 $146 ({Predecessor:} 13. Ne5 f6 14. Nc4 Bb8 15. Bxe4 dxe4 16. Ba3 Qe6 17. Nd2 f5 18. f4 Nd7 19. Nc4 {½-½ (30) Kuhn,G (2136)-Svane,R (2131) Germany 2009}) 13... Bf5 ({Don't play} 13... Qh4 14. g3 Qh5 15. Ncxe4 (15. Ndxe4 dxe4 16. Bxe4 Bh3 $16) 15... dxe4 16. Bxe4 $16 (16. Nxe4 Bb4 $11)) 14. f4 (14. Bxe4 $11 Bxe4 15. Ncxe4 (15. Ndxe4 dxe4 16. Rd1 Nd7 $11) 15... dxe4 16. f3) 14... Nxd2 $15 15. Qxd2 Bxd3 16. Qxd3 Bb4 17. e4 Bxc3 18. Qxc3 dxe4 {[%emt 0:02:20] ...f5 is the strong threat.} 19. d5 $1 f6 20. dxc6 Rac8 21. Qa5 (21. Qc4+ $11 Kh8 22. c7) 21... bxc6 22. Ba3 c5 23. Re3 {[%emt 0:01:51] [#]} (23. Rc1 $11 {remains equal.}) 23... f5 $1 $17 24. Bb2 Ne6 25. Be5 Red8 26. Rc1 (26. Qa6 $17) 26... Rd7 27. b4 Rcd8 28. bxc5 Rd1+ 29. Re1 {[%emt 0:00:24] [#]} R1d2 (29... Rxe1+ 30. Qxe1 Nxc5 31. Qb4 $11) (29... R1d5 $1 $19 {[%cal Re6c5] avoids the disaster.} 30. Qa3 Nxc5) 30. Bd6 $18 R2xd6 31. cxd6 {[%emt 0:00:07][%mdl 64] Discovered Attack} Qxd6 (31... Qf6 $142 32. Qe5 (32. Qxa7 Nxf4 33. Rb1 Qxd6 $16) 32... Kf7) 32. Qxf5 e3 33. Rxe3 Nxf4 34. Rce1 Rf8 (34... Ng6 $142 35. Re8+ Rxe8 36. Rxe8+ Nf8) 35. Qc2 Qb6 36. Qb3+ Qxb3 37. Rxb3 {[%emt 0:00:15][%mdl 4096] Endgame KRR-KRN} Rd8 38. g3 Nh3+ 39. Kg2 Ng5 40. Re2 {[%emt 0:00:05] Against Rd2} h6 41. Rb7 a5 42. Rb5 a4 43. Rb4 a3 44. Rb3 Ra8 45. h4 Nh7 46. Re7 Nf6 47. Rbb7 Ne8 48. Ra7 Rc8 49. Rxa3 Kf8 50. Re2 Kf7 51. Ra7+ Kf6 52. Rae7 Nc7 {[%emt 0:00:00] Prevents R2e6+.} 53. Rd7 {[%emt 0:00:00] Hoping for Rc2.} Ne8 54. a4 g5 55. hxg5+ hxg5 56. a5 {[%emt 0:00:00] Threatening mate with a6.} Kf5 57. Rf7+ Kg6 58. Rf8 {[%emt 0:00:00] White mates.} Ra8 59. Rfxe8 Rxa5 60. g4 {[%emt 0:00:00] Weighted Error Value: White=0.47/Black=0.46} 1-0

[Event "USA Championship Women 2022"]
[Site "Saint Louis"]
[Date "2022.10.19"]
[Round "13.5"]
[White "Lee, Alice"]
[Black "Lee, Megan"]
[Result "0-1"]
[ECO "D30"]
[WhiteElo "2263"]
[BlackElo "2226"]
[Annotator "TA"]
[PlyCount "120"]
[EventDate "2022.09.05"]
[EventType "tourn"]
[EventCountry "USA"]
[SourceTitle "playchess.com"]
[Source "ChessBase"]
[SourceQuality "1"]
[TimeControl "40/5400+30:1800+30"]

1. d4 d5 2. c4 c6 3. Nf3 Nf6 4. e3 e6 5. b3 Nbd7 6. Bd3 {[%emt 0:00:32] D30: Queen's Gambit Declined: Systems without Nc3.} Ne4 7. Nbd2 f5 8. O-O {[%emt 0:03:06] White has an edge.} Bd6 9. Bb2 Qf6 10. Qc1 g5 11. Ba3 Bb8 12. g3 h5 {[%emt 0:15:51][%cal Bh7h5,Bh5h4][%mdl 32] [#]} 13. Re1 $146 ({Predecessor:} 13. Kg2 h4 14. Rh1 Qh6 15. Qc2 Ndf6 16. Ne5 h3+ 17. Kf1 Qh5 18. Be2 Qh7 19. Bf3 Nxd2+ 20. Qxd2 {1-0 (54) Abbott,P (1784)-Dalton,S (1958) Cammeray 2010}) 13... h4 14. Nf1 {[%emt 0:01:21] Black keeps a firm grip on the game.} ({White should try} 14. Re2 $15) 14... Qh6 $19 {[%emt 0:11:23] Strongly threatening ...Qh5.} 15. Bb2 (15. g4 $17 fxg4 16. N3d2) 15... Ndf6 16. Qc2 hxg3 17. fxg3 {[%emt 0:00:12] [#]} Nxg3 $1 18. cxd5 (18. Nxg3 Bxg3) 18... Nxf1 19. Bxf1 exd5 20. Qg2 Ne4 21. Bd3 Be6 22. Ne5 Bxe5 23. dxe5 O-O-O 24. Bd4 Kb8 25. b4 (25. Bxe4 {was the only defense.} dxe4 26. Rac1) 25... Qf8 26. Rab1 Rh4 27. Kh1 (27. Qc2 {was necessary.}) 27... Rg4 28. Qc2 Rc8 29. Bxe4 Rxe4 ({Weaker is} 29... fxe4 30. Rf1 Qe7 31. Qc5 Qxc5 32. Bxc5 $17) 30. Qc5 b6 31. Qxf8 Rxf8 32. Rbd1 Rc8 33. Rg1 g4 34. Rge1 Rc7 35. a3 c5 36. bxc5 bxc5 37. Bb2 Rb7 38. Ba1 (38. Bc3) 38... Rb3 39. Rb1 {[%emt 0:00:30] [#]} (39. Kg1 $142) 39... Rexe3 $3 40. Rec1 (40. Kg2 Kc7) 40... Rxb1 41. Rxb1+ {[%emt 0:30:02][%mdl 4096] Endgame KRB-KRB} Kc7 42. Rc1 c4 43. h4 f4 44. Bd4 Rxa3 45. h5 Rh3+ 46. Kg1 Bf5 {[%emt 0:00:00] Hoping for ...Be4.} 47. Ra1 Rxh5 {[%emt 0:00:00] Threatens to win with ...Be4.} 48. Rxa7+ Kc6 49. Ra6+ Kb5 50. Rb6+ Ka5 51. e6 Rh7 {[%emt 0:00:00] aiming for ...Be4.} 52. Rd6 Be4 {[%emt 0:00:00] ( -> ...g3)} 53. Rd7 g3 54. Kf1 f3 {[%emt 0:00:00] Black mates.} 55. e7 Rh1+ 56. Bg1 Rxg1+ 57. Kxg1 f2+ 58. Kf1 Bd3+ 59. Kg2 f1=Q+ 60. Kxg3 Qe1+ {[%emt 0:00:00] Weighted Error Value: White=0.57/Black=0.34} 0-1

[Event "USA Championship Women 2022"]
[Site "Saint Louis"]
[Date "2022.10.19"]
[Round "13.6"]
[White "Yan, Ruiyang"]
[Black "Tokhirjonova, Gulrukhbegim"]
[Result "1/2-1/2"]
[ECO "C58"]
[WhiteElo "2220"]
[BlackElo "2336"]
[Annotator "TA"]
[PlyCount "156"]
[EventDate "2022.09.05"]
[EventType "tourn"]
[EventCountry "USA"]
[SourceTitle "playchess.com"]
[Source "ChessBase"]
[SourceQuality "1"]
[TimeControl "40/5400+30:1800+30"]

1. e4 e5 2. Nf3 Nc6 3. Bc4 Nf6 4. Ng5 d5 5. exd5 Na5 6. Bb5+ c6 7. dxc6 bxc6 8. Bd3 Nd5 {[%emt 0:00:42] C58: Two Knights: 4 Ng5 d5 5 exd5 Na5 sidelines.} 9. Nf3 (9. Qh5 g6 10. Nxf7 gxh5 $17) 9... Nf4 10. O-O Bd6 {[%emt 0:07:51] White has an edge. has lost popularity (10...Nxd3).} 11. Re1 {[%emt 0:03:36] 11.Nc3 is more advanced technology.} Nxd3 12. cxd3 O-O 13. Nc3 Re8 14. Ne4 Bf8 15. Ng3 {[%emt 0:07:54] [#]} (15. b4 $1 $14 Nb7 16. Bb2) 15... c5 $146 ({Predecessor:} 15... Qxd3 16. Rxe5 Rxe5 17. Nxe5 Qd5 18. d4 f6 19. Nf3 c5 20. Bd2 cxd4 21. Bxa5 Qxa5 22. Qb3+ Kh8 23. Nxd4 Qd8 24. Rd1 Bg4 25. Nf3 Qe7 {½-½ (25) Ankit,R (2349)-Neelotpal,D (2471) New Delhi 2012}) 16. Nxe5 Bb7 {[%emt 0:01:04] Prevents Qf3.} 17. Re3 (17. Qh5 Qd5 18. Nf3 Rxe1+ 19. Nxe1 Re8 $17) 17... Qd5 {[%emt 0:06:08][%csl Gb7,LRe5,LRg2][%cal Rd5g2] [#]} 18. Nf3 Nc6 19. b3 f5 ({Black should try} 19... Nb4 $11) 20. Ne2 (20. Nh5 $14) 20... Ne5 21. Nf4 Nxf3+ 22. Qxf3 {[%emt 0:00:07][%mdl 64] Pin} Qd7 23. Qe2 (23. Qg3 $11 {keeps the balance.}) 23... Bd6 $17 24. g3 {[%emt 0:01:56] [#]} (24. Rxe8+ $2 Rxe8 25. Qf1 Bxf4 $19) 24... Bxf4 ({Much less strong is} 24... Qc6 25. f3 $16) ({Better is} 24... Be5 $1 $17 25. Rb1 (25. Rxe5 $2 Rxe5 26. Qf1 g5 $19) 25... g5) 25. gxf4 $11 g5 ({Resist} 25... Qc6 26. f3 $16) 26. Qh5 {[%emt 0:04:42] Black must now prevent Bb2.} gxf4 27. Qg5+ Qg7 $132 {[%emt 0:00:29][%mdl 2048] Black is not keeping still} 28. Qxg7+ Kxg7 29. Bb2+ Kf7 $1 30. Rxe8 Rxe8 {[%emt 0:00:02][%mdl 4096] Endgame KRB-KRB} 31. Kf1 Ba6 {[%emt 0:00:52] ...f3 is the strong threat.} 32. f3 Bxd3+ 33. Kg1 Re2 34. Rc1 Rxd2 35. Be5 Rxa2 36. Rxc5 h5 37. Bxf4 a6 38. Rc7+ Ke6 39. Rc6+ Ke7 40. Rc7+ Kd8 41. Rc5 {[%emt 0:30:25] And now Rd5+ would win.} Bc2 42. b4 Kd7 43. Ra5 Rb2 44. Rxa6 Rxb4 45. Ra7+ Ke6 46. Ra6+ Kd5 47. Ra5+ Kc4 48. Kf2 Bb1 49. Be5 Rb3 {[%emt 0:00:00] The position is equal.} 50. Ra4+ Kd5 51. Ra5+ Ke6 52. Bf4 Bd3 53. Re5+ Kf6 54. Rd5 Bc4 55. Rd6+ Ke7 56. Rd4 Ba6 57. Rd5 Bb7 58. Rxf5 Rxf3+ 59. Ke2 {[%emt 0:00:00] Hoping for Bg5+.} Ke6 60. Rf8 Rb3 61. Bg3 Bc6 62. Rb8 Ra3 63. Rd8 {[%emt 0:00:00] Threatens to win with Rd6+.} Bf3+ 64. Kf2 Bg4 65. Re8+ Kf7 66. Rd8 Ra2+ 67. Ke3 Ra4 68. Rd4 Rxd4 69. Kxd4 {[%emt 0:00:00] KB-KB} Kg6 70. Ke3 Kg5 71. Bb8 h4 72. Bc7 Bd7 73. Bb8 Bc8 74. Bc7 Bd7 75. Bb8 Bc8 76. Bc7 Bd7 77. Bb8 Bc8 78. Bc7 Bd7 {[%emt 0:00:00] Weighted Error Value: White=0.08 (flawless) /Black=0.08 (flawless)} 1/2-1/2

[Event "USA Championship Women 2022"]
[Site "Saint Louis"]
[Date "2022.10.19"]
[Round "13.7"]
[White "Paikidze, Nazi"]
[Black "Abrahamyan, Tatev"]
[Result "0-1"]
[ECO "D24"]
[WhiteElo "2354"]
[BlackElo "2308"]
[Annotator "TA"]
[PlyCount "88"]
[EventDate "2022.09.05"]
[EventType "tourn"]
[EventCountry "USA"]
[SourceTitle "playchess.com"]
[Source "ChessBase"]
[SourceQuality "1"]
[TimeControl "40/5400+30:1800+30"]

1. d4 Nf6 2. c4 e6 3. Nf3 d5 4. Nc3 dxc4 5. e4 b5 6. e5 {[%emt 0:00:08] D24: Queen's Gambit Accepted: 3 Nf3 Nf6 4 Nc3.} Nd5 7. Nxb5 Nb6 8. Be3 {[%emt 0:00:06] White is slightly better.} Nc6 9. Be2 Be7 10. O-O O-O 11. Nc3 Bb7 12. a3 Rb8 13. Qc2 Na5 14. Rad1 {[%emt 0:12:17] [#]} Bc6 $146 ({Predecessor:} 14... h6 15. Nd2 Qd7 16. f4 Nd5 17. Nxd5 Bxd5 18. Qc3 Rb5 19. Nxc4 Nxc4 20. Bxc4 Bxc4 21. Qxc4 Rxb2 {½-½ (61) Mamedyarov,S (2801)-Caruana,F (2822) Saint Louis 2018}) 15. d5 (15. Nd2 $11) 15... exd5 $15 16. Nd4 (16. Rfe1 $11) 16... Bb7 17. e6 {[%emt 0:01:15] [#]} (17. Na4 $17) 17... c5 $1 $19 18. exf7+ Rxf7 19. Ne6 Qc8 20. Bg4 {[%emt 0:02:33] [#]} (20. Bf4 $17 {was called for.}) 20... Qc6 $1 21. Nf4 (21. Bg5 $142) 21... d4 22. Be6 dxc3 {[%emt 0:06:50] The board is on fire.} 23. bxc3 (23. Bxf7+ $142 Kxf7 24. bxc3) 23... Rbf8 {[%emt 0:02:38] Threatens to win with ...g5.} 24. Qf5 (24. Bxf7+ $142 Rxf7 25. f3) 24... Qe4 (24... Nb3 $142 {Strongly threatening ...Bc8.} 25. Qh5 Bf6) 25. Nd5 Bxd5 ({Don't play} 25... Qxf5 26. Nxe7+ Kh8 27. Nxf5 $18 (27. Bxf5 Rxe7 28. Bxc5 Nd5 $15)) 26. Rxd5 Qxf5 27. Rxf5 g6 28. Rf3 {[%emt 0:05:39] Bh6 is the strong threat.} Kg7 {[%emt 0:01:36] Inhibits Bh6+.} 29. Bxf7 Rxf7 30. Bh6+ Kg8 31. Re1 $2 {[%emt 0:00:24][%mdl 8192] Now White is beyond hope.} (31. Re3 $17) 31... Rxf3 32. gxf3 Kf7 {[%emt 0:00:20] Hoping for ...Bf6.} 33. Bf4 Nd5 {[%emt 0:04:05] Black is clearly winning.} 34. Be5 Nc6 35. Bh8 Bf6 36. Bxf6 Kxf6 37. Re4 Ne5 38. f4 Nf3+ 39. Kg2 Nd2 40. Re1 Nxc3 41. f3 Nd5 42. Kf2 Nb3 43. Ke2 Nd4+ 44. Kd1 c3 {[%emt 0:00:16] Weighted Error Value: White=0.68/Black=0.24 (precise)} 0-1